 Dungeon Crawl Stone Soup version 0.27-a0-1232-gc6a4cbde82 (webtiles) character file.

Game seed: 2420093649630240741

102 Demosthentine the Poker (level 4, -1/35 HPs)
             Began as a Merfolk Gladiator on June 8, 2021.
             Succumbed to an adder's poison
             ... on level 3 of the Dungeon.
             The game lasted 00:02:53 (2578 turns).

Demosthentine the Poker (Merfolk Gladiator)         Turns: 2578, Time: 00:02:54

Health: -1/35      AC:  7    Str: 15    XL:     4   Next: 77%
Magic:  4/4        EV: 17    Int:  7    God:
Gold:   89         SH:  0    Dex: 15    Spells: 3/3 levels left

rFire    . . .     SeeInvis .   a - +1 trident
rCold    . . .     Faith    .   (no shield)
rNeg     . . .     Spirit   .   b - +0 leather armour
rPois    .         Reflect  .   c - +0 helmet
rElec    .         Harm     .   f - +2 cloak
rCorr    .         Rampage  .   (no gloves)
Will     .....                  (boots currently unavailable)
Stlth    ++........             (no amulet)
HPRegen  0.11/turn              (no ring)
MPRegen  0.09/turn              (no ring)

@: brilliant, lethally poisoned (-1 -> -9), very quick
A: nimble swimmer 2, mertail
a: no special abilities


You were on level 3 of the Dungeon.
You visited 1 branch of the dungeon, and saw 3 of its levels.

You collected 89 gold pieces.

Inventory:

Hand Weapons
 a - a +1 trident (weapon)
Missiles
 d - 2 throwing nets (quivered)
Armour
 b - a +0 leather armour (worn)
 c - a +0 helmet (worn)
 f - a +2 cloak (worn)
Scrolls
 g - a scroll of magic mapping
 h - a scroll of noise {unknown}
 i - 2 scrolls of teleportation
Potions
 e - 2 potions of flight


   Skills:
 + Level 3.2 Fighting
 + Level 5.4 Polearms
 - Level 2.0 Throwing
 + Level 1.3 Armour
 + Level 4.9 Dodging


You had 3 spell levels left.
You didn't know any spells.
Your spell library was empty.

Dungeon Overview and Level Annotations

Branches:
Dungeon (3/15)

Altars:
Elyvilon

Shops:
D:1 (

Annotations:
D:3 Grinder


Innate Abilities, Weirdness & Mutations

You are quick and stealthy near water. (Stealth+, EV+, Speed+++)
Your lower body shifts to a powerful aquatic tail in water.


Message History

Grinder hits you.
You writhe in agony.
Grinder gestures at you. Pain shoots through your body!
You hit Grinder.
Grinder is moderately wounded.
Grinder gestures at you.
You suddenly lose the ability to move!
The adder bites you but does no damage. The adder bites you.
You are poisoned.
The adder poisons you! Grinder hits you.
You feel sick. The adder bites you.
You are lethally poisoned!
The adder poisons you! Grinder hits you but does no damage.
You can move again.
Unknown command.
Unknown command.
Unknown command.
Unknown command.
* * * LOW HITPOINT WARNING * * *
You feel sick.
It was a potion of brilliance.
You feel clever all of a sudden.
* * * LOW HITPOINT WARNING * * *
You feel sick. The adder bites you.
* * * LOW HITPOINT WARNING * * *
You are more poisoned.
The adder poisons you!
You hit the adder.
The adder is lightly wounded.
* * * LOW HITPOINT WARNING * * *
You feel very sick. The adder misses you.
The adder bites you but does no damage.
You puncture the adder! You tail-slap the adder.
You kill the adder!
* * * LOW HITPOINT WARNING * * *
You feel very sick.
Unknown command.
You hit Grinder. You tail-slap Grinder.
Grinder is moderately wounded.
You die...

####...### ##..#
#..# .♣ ♣♣..###
... ♣♣....)## ....
♣♣.......##
≈≈...♣...≈≈≈...#
≈≈≈.....≈≈≈≈≈..#
_≈≈.....5@♣≈≈..+
≈≈≈.....≈≈≈≈≈.....
≈≈...♣...≈≈≈...###
....♣♣♣.......##
... ♣♣.....## .♣
♣♣#####


You could see Grinder.

Vanquished Creatures
  Crazy Yiuf (D:2)
  4 adders
  An orc (D:3)
  4 endoplasms
  A giant cockroach (D:1)
  2 goblins
  2 hobgoblins (D:2)
  4 jackals (D:1)
  3 quokkas
  2 ball pythons
  5 bats
  3 frilled lizards (D:1)
  3 kobolds
  3 rats
38 creatures vanquished.

Vanquished Creatures (others)
  2 fungi (D:2)
2 creatures vanquished.

Grand Total: 40 creatures vanquished

Notes
Turn   | Place    | Note
-------+----------+-------------------------------------------
     0 | D:1      | Demosthentine the Merfolk Gladiator began the quest for the
                  | Orb.
     0 | D:1      | Reached XP level 1. HP: 16/16 MP: 1/1
    92 | D:1      | Found a faded altar of an unknown god.
   140 | D:1      | Found Opug's Antique Weapon Emporium.
   264 | D:1      | Reached XP level 2. HP: 19/23 MP: 2/2
   901 | D:2      | Reached XP level 3. HP: 28/28 MP: 3/3
  1138 | D:2      | Reached skill level 5 in Polearms
  1333 | D:2      | Reached skill level 1 in Armour
  1709 | D:2      | Found a runed translucent door.
  1710 | D:2      | Noticed Crazy Yiuf
  2161 | D:2      | Killed Crazy Yiuf
  2162 | D:2      | Reached XP level 4. HP: 16/35 MP: 4/4
  2537 | D:3      | Noticed Grinder
  2566 | D:3      | Found a white marble altar of Elyvilon.
  2571 | D:3      | Paralysed by Grinder for 3 turns
  2577 | D:3      | HP: 1/35 [poisoned by an adder]
  2578 | D:3      | Succumbed to an adder's poison

Illustrated notes

Levels and vault maps discovered:
D:1:      nzn_arrival_depleted_hourglass, layout_basic,
          chequers_ecumenical_altar_simple_redux, serial_shops,
          nicolae_shop_waterfront
D:2:      layout_loops_ring, uniq_crazy_yiuf_cottage
D:3:      layout_basic, elyvilon_altar_3, uniq_grinder

Skill      XL: |  1  2  3 |
---------------+----------+-----
Polearms       | 5 |  5.4
Armour         | 1 |  1.3
Fighting       | 3 |  3.2
Throwing       | |  2.0
Dodging        | |  4.9

Action                   |  1- 3 |  4- 6 || total
-------------------------+-------+-------++-------
Melee: Trident           |   115 |    28 ||   143
       Tailslap          |       |     2 ||     2
Throw: Throwing net      |     1 |       ||     1
  Use: Scroll            |     6 |       ||     6
       Potion            |       |     1 ||     1
 Stab: Sleeping          |     1 |       ||     1
Armor: Leather armour    |    33 |     9 ||    42
Dodge: Dodged            |    52 |    16 ||    68

Table legend: (Time is in decaauts)
 A = Elapsed time spent in this place.
 B = Non-inter-level travel time spent in this place.
 C = Inter-level travel time spent in this place.
 D = Time resting spent in this place.
 E = Time spent auto-exploring this place.
 F = Levels seen in this place.
 G = Mean time per level.
                   A        B        C        D        E       F      G
               +--------+--------+--------+--------+--------+-----+--------+
         Total |   2581 |   2499 |     82 |    372 |   1787 |   3 |  860.3 |
       Dungeon |   2581 |   2499 |     82 |    372 |   1787 |   3 |  860.3 |
               +--------+--------+--------+--------+--------+-----+--------+

Top non-repeatable levels by time:
     D:2: 1602 daAuts
     D:1: 818 daAuts
     D:3: 159 daAuts
